 Dungeon Crawl Stone Soup version 0.19-a0-1109-g16db51f (webtiles) character file.

4297 Jmtri7 the Fighter (level 9, 0/93 HPs)
             Began as a Demigod Fighter on Aug 9, 2016.
             Killed by divine providence
             ... invoked by an orc priest
              (13 damage)
             ... on level 8 of the Dungeon.
             The game lasted 00:20:13 (8038 turns).

Jmtri7 the Fighter (Demigod Fighter)                Turns: 8038, Time: 00:20:14

Health: 0/93       AC: 16    Str: 39    XL:     9   Next: 86%
Magic:  20/20      EV:  5    Int: 12    God:
Gold:   418        SH: 11    Dex: 15    Spells: 0 memorised, 8 levels left

rFire  x . .     SeeInvis +     B - +5 falchion of the Morning {drain, rF- rC- Str+9 SInv}
rCold  x . .     Gourm    .     p - +1 plate armour
rNeg   . . .     Faith    .     c - +0 shield
rPois  .         Spirit   .     (no helmet)
rElec  .         Dismiss  .     b - +1 cloak
rCorr  .         Reflect  .     h - +0 pair of gloves
SustAt +         Harm     .     z - +0 pair of boots
MR     .....                    (no amulet)
Stlth  ..........               r - ring of magical power
                                (no ring)

@: mighty
A: high mp 1, sustain attributes
a: no special abilities


You were on level 8 of the Dungeon.
You were not hungry.

You visited 1 branch of the dungeon, and saw 8 of its levels.

You collected 418 gold pieces.

Inventory:

Hand Weapons
 B - the +5 falchion of the Morning (weapon) {drain, rF- rC- Str+9 SInv}
   (You found it on level 7 of the Dungeon)

   A truly terrible weapon, it drains the life of those it strikes.
   It affects your strength (+9).
   It makes you vulnerable to fire.
   It makes you vulnerable to cold.
   It lets you see invisible.
 C - a +1 falchion of holy wrath
Armour
 b - a +1 cloak (worn)
 c - a +0 shield (worn)
 h - a +0 pair of gloves (worn)
 p - a +1 plate armour (worn)
 z - a +0 pair of boots (worn)
Jewellery
 i - an uncursed ring of ice
 r - a ring of magical power (right hand)
Wands
 s - a wand of digging (24/24)
Scrolls
 a - 9 scrolls of remove curse
 d - 2 scrolls of magic mapping
 e - a scroll of amnesia
 k - a scroll of identify
 n - 3 scrolls of recharging
 w - 2 scrolls of teleportation
Potions
 g - 5 potions of curing
 j - 7 potions of brilliance
 m - 2 potions of lignification
 t - 2 potions of flight
 u - 2 potions of haste
 E - a potion of magic {unknown}
Books
 q - a book of Debilitation

   Spells                             Type                      Level
   a - Corona                         Hexes                        1
   b - Slow                           Hexes                        2
   c - Gell's Gravitas                Hexes/Translocation          3
   d - Inner Flame                    Hexes/Fire                   3
   e - Cause Fear                     Hexes                        4
   f - Leda's Liquefaction            Hexes/Earth                  4
 v - a Grand Grimoire

   Spells                             Type                      Level
   a - Monstrous Menagerie            Summoning                    7
   b - Summon Greater Demon           Summoning                    7
   c - Malign Gateway                 Summoning/Translocation      7
   d - Summon Horrible Things         Summoning                    8
Comestibles
 f - 6 bread rations
 l - a beef jerky
 o - 8 chunks of flesh
 x - 2 meat rations
 D - 10 royal jellies
 F - 4 fruits


   Skills:
 + Level 13.3 Fighting
   Level 1.7 Axes
 - Level 2.6 Armour
 - Level 2.6 Shields


You had 8 spell levels left.
You didn't know any spells.

Dungeon Overview and Level Annotations

Branches:
Dungeon (8/15)             Temple (0/1) D:7
   Lair: D:8-11

Shops:
D:8 [


Innate Abilities, Weirdness & Mutations

You have an increased reservoir of magic. (+10% MP)
Your attributes are resistant to harm.


Message History

The orc wizard gestures wildly while chanting.
The orc wizard blinks!
You feel very mighty all of a sudden. The orc warrior hits you with a glaive!
The orc hits you but does no damage.
You slash the orc warrior!
The orc warrior is moderately wounded.
The orc priest invokes the aid of Beogh against you.
Beogh smites you! You block the orc warrior's attack.
You block the orc's attack.
Your shield and plate armour prevent you from hitting the orc warrior.
The orc warrior is moderately wounded.
The orc priest calls down the wrath of Beogh upon you.
Beogh smites you!
* * * LOW HITPOINT WARNING * * *
The orc warrior hits you with a glaive!
* * * LOW HITPOINT WARNING * * *
The orc barely misses you.
The orc priest invokes the aid of Beogh against you.
Beogh smites you!
You die...

#..#####.# #..#
.# #..##### #
#..#... #..#.#
##....###.#
#####.........#
..........#####
#####.#@#.#
#.#.#.# #.oo..#
###o### ##...##
##..o..##
##...(≈..##
#.........###
+.........'..


You could see an orc warrior, an orc priest, an orc wizard and an orc.

Vanquished Creatures
  Grinder (D:6)
  4 humans (D:6)
  A hungry ghost (D:7)
  A hippogriff (D:8)
  A water moccasin (D:8)
  3 sky beasts
  An ice beast (D:8)
  A phantom (D:6)
  2 centaurs (D:5)
  6 ogres
  A big kobold (D:4)
  4 giant frogs
  3 scorpions
  2 howler monkeys
  4 crimson imps
  3 hounds
  3 centaur skeletons
  4 orc priests
  3 jellies (D:8)
  Terence (D:3)
  2 iguanas
  3 orc wizards
  9 worker ants
  A killer bee zombie (D:8)
  2 hound skeletons
  12 adders
  4 gnolls (D:5)
  2 shadow imps
  7 oozes
  An adder zombie (D:5)
  A worm (D:4)
  2 dart slugs
  8 giant geckos
  16 orcs
  9 bats
  4 giant cockroaches
  8 goblins
  10 hobgoblins
  6 jackals (D:4)
  5 quokkas
  3 ball pythons
  A giant gecko skeleton (D:7)
  7 giant newts
  8 kobolds
  4 rats
184 creatures vanquished.

Notes
Turn   | Place    | Note
-------+----------+-------------------------------------------
     0 | D:1      | Jmtri7 the Demigod Fighter began the quest for the Orb.
     0 | D:1      | Reached XP level 1. HP: 18/18 MP: 3/3
    81 | D:1      | Reached skill level 3 in Fighting
   193 | D:1      | Reached XP level 2. HP: 26/26 MP: 4/4
   901 | D:2      | Reached XP level 3. HP: 33/33 MP: 5/5
   946 | D:1      | Reached skill level 4 in Fighting
  1734 | D:2      | Reached XP level 4. HP: 41/41 MP: 6/6
  1850 | D:2      | Found a sparkling altar of Nemelex Xobeh.
  2095 | D:3      | Noticed Terence
  2122 | D:3      | Killed Terence
  2122 | D:3      | Reached skill level 5 in Fighting
  2406 | D:4      | Reached XP level 5. HP: 36/48 MP: 7/7
  2491 | D:4      | Noticed an ogre
  2500 | D:4      | Killed an ogre
  2500 | D:4      | Reached skill level 6 in Fighting
  2863 | D:4      | Reached XP level 6. HP: 57/58 MP: 8/8
  2868 | D:4      | Got a scorched scale mail
  2879 | D:4      | Identified the cursed +1 scale mail of Ogaot {MR++ rCorr} (You found it on level 4 of the Dungeon)
  2958 | D:4      | HP: 1/58 [ogre/giant spiked club (18)]
  3271 | D:4      | Reached skill level 7 in Fighting
  3981 | D:4      | Reached XP level 7. HP: 32/67 MP: 9/9
  4027 | D:4      | Reached skill level 8 in Fighting
  4385 | D:5      | Entered Level 5 of the Dungeon
  4385 | D:5      | Found a radiant altar of Vehumet.
  4482 | D:5      | HP: 3/69 [hound (3)]
  5084 | D:5      | Reached skill level 9 in Fighting
  5426 | D:5      | Reached XP level 8. HP: 67/78 MP: 10/10
  5804 | D:6      | Reached skill level 10 in Fighting
  5897 | D:6      | Reached skill level 11 in Fighting
  6192 | D:6      | Found a burning altar of Makhleb.
  6193 | D:6      | Found a stormy altar of Qazlal.
  6196 | D:6      | Found an ancient bone altar of Kikubaaqudgha.
  6198 | D:6      | Found a shattered altar of Ashenzari.
  6198 | D:6      | Found an opulent altar of Gozag.
  6198 | D:6      | Found a bloodstained altar of Trog.
  6198 | D:6      | Found a shimmering altar of Xom.
  6199 | D:6      | Found a hide-covered altar of Uskayaw.
  6200 | D:6      | Found a glowing golden altar of the Shining One.
  6201 | D:6      | Found a sacrificial altar of Ru.
  6286 | D:6      | Noticed Grinder
  6316 | D:6      | Killed Grinder
  6344 | D:6      | Reached XP level 9. HP: 89/89 MP: 11/11
  6970 | D:7      | Found a bloodstained altar of Trog.
  6976 | D:7      | Reached skill level 12 in Fighting
  7339 | D:7      | Found a staircase to the Ecumenical Temple.
  7420 | D:7      | Got a crude falchion
  7421 | D:7      | Identified the +5 falchion of the Morning {drain, rF- rC- Str+9 SInv} (You found it on level 7 of the Dungeon)
  7670 | D:8      | Found Gusukh's Armour Boutique.
  7804 | D:8      | Reached skill level 13 in Fighting
  8038 | D:8      | Killed from afar by an orc priest

Vault maps used:
D:1:      dpeg_arrival_shrine, serial_bayou_ford_a, minmay_misc_feat_enclosed,
          minmay_parallelograms
D:2:      nemelex_xobeh_ov_fountains_minmay
D:3:      uniq_terence
D:4:      minmay_diamond_boxcup, grunt_ministairs_1, lemuel_flame_loot_1
D:5:      vehumet_altar_wand_db, first_bread, minmay_strange_pillars
D:6:      minitemple, minmay_ruffians, uniq_grinder
D:7:      basic_altar
D:8:      serial_shops, nicolae_shop_competitors_out_of_business,
          hangedman_little_slice_of_home

Skill      XL: |  1  2  3  4  5  6  7  8  9 |
---------------+----------------------------+-----
Fighting       | 3 4 5 6 7 9 11 13 | 13.3
Axes           | |  1.7
Armour         | |  2.6
Shields        | |  2.6

Action                   |  1- 3 |  4- 6 |  7- 9 || total
-------------------------+-------+-------+-------++-------
Melee: War axe           |    46 |       |       ||    46
       Short sword       |    63 |   229 |   512 ||   804
       Falchion          |       |       |   114 ||   114
  Use: Scroll            |     6 |     5 |     8 ||    19
       Potion            |       |       |     4 ||     4
  Eat: Chunk             |     3 |     7 |    14 ||    24
       Beef jerky        |       |       |     2 ||     2
       Pizza             |       |       |     1 ||     1
Armor: Scale mail        |    52 |       |       ||    52
       Plate armour      |    13 |   172 |   406 ||   591
       Skin              |       |       |     8 ||     8
Dodge: Dodged            |    33 |    43 |    99 ||   175
Block: Shield            |    87 |   156 |   290 ||   533
